 Dungeon Crawl Stone Soup version 0.14-a0-226-gcf818b1 (webtiles) character file.

259 Leibowitz the Ducker (level 5, -2/49 HPs)
             Began as a Kobold Berserker on Oct 11, 2013.
             Was a Priest of Trog.
             Killed from afar by an orc wizard (10 damage)
             ... with a magic dart
             ... on Level 3 of the Dungeon.
             The game lasted 00:06:39 (2533 turns).

Leibowitz the Ducker (Kobold Berserker)             Turns: 2533, Time: 00:06:39

HP  -2/49        AC  2     Str 21      XL: 5   Next: 49%
MP   0/4         EV 18     Int  5      God: Trog [***...]
Gold 117         SH  0     Dex 18      Spells:  0 memorised,  4 levels left

Res.Fire  : + . .   See Invis. : .   a - +0 short sword
Res.Cold  : . . .   Warding    : .   (no armour)
Life Prot.: . . .   Conserve   : .   (no shield)
Res.Poison: .       Res.Corr.  : .   e - +0 spiked helmet
Res.Elec. : .       Clarity    : .   (no cloak)
Sust.Abil.: . .     Spirit.Shd : +   r - +0 pair of gauntlets
Res.Mut.  : .       Stasis     : .   (no boots)
Res.Rott. : .       Flight     : .   f - amulet of guardian spirit
Saprovore : + + .                    (no ring)
                                     d - ring of protection from fire

@: berserking, very quick, slightly resistant to hostile enchantments, extremely
unstealthy
A: disease resistance, carnivore 3, saprovore 2, Dex +2
a: Burn Spellbooks, Berserk, Trog's Hand, Renounce Religion


You were on level 3 of the Dungeon.
You worshipped Trog.
Trog was most pleased with you.
You were not hungry.

You visited 1 branch of the dungeon, and saw 3 of its levels.

You collected 97 gold pieces.

Inventory:

Hand weapons
 a - a +0,+0 short sword (weapon)
Armour
 e - a +0 spiked helmet (worn)
 r - a +0 pair of gauntlets (worn)
Comestibles
 c - a meat ration
Scrolls
 b - a scroll of blinking {unknown}
 g - a scroll of fog {unknown}
 j - 2 scrolls of magic mapping {unknown}
 k - a scroll of noise {unknown}
 l - a scroll of curse weapon {unknown}
 m - 3 scrolls of enchant armour {unknown}
 n - 2 scrolls of remove curse {unknown}
 o - a scroll of identify {unknown}
 p - a scroll of random uselessness {unknown}
 q - a scroll of recharging {unknown}
 s - a scroll of enchant weapon I {unknown}
 t - a scroll of amnesia {unknown}
Jewellery
 d - a ring of protection from fire (left hand)
 f - an amulet of guardian spirit (around neck)
Potions
 i - a potion of brilliance


   Skills:
 * Level 4.2 Fighting
 + Level 4.6 Short Blades
 - Level 1.5 Armour
 * Level 4.9 Dodging
 * Level 1.7 Stealth


You had 4 spell levels left.
You didn't know any spells.

Dungeon Overview and Level Annotations

Branches:
Dungeon (3/27)

Altars:
Ashenzari


Innate Abilities, Weirdness & Mutations

You recuperate from illness quickly.
You are small and have problems with some larger weapons.
You are carnivorous and can eat meat at any time.
You can eat rotten meat.
You are agile. (Dex +2)


Message History

The magic dart hits you!
You closely miss it. You miss it. It hits you.
You closely miss it.
An orc wizard appears from thin air!
Reactivating autopickup.
The orc wizard points at you and mumbles some strange words.
The magic dart hits you!
* * * LOW HITPOINT WARNING * * *
You barely miss the orc wizard. You slash the orc wizard!
The orc wizard is moderately wounded.
The orc wizard points at you and mumbles some strange words.
The puff of flame hits you! You resist.
Your scroll labeled LOMAEPNY CUQY catches fire!
* * * LOW HITPOINT WARNING * * *
You closely miss the orc wizard.
The orc wizard is moderately wounded.
The orc wizard points at you and mumbles some strange words.
The magic dart hits you!
You die...

#.#####.##.#### #
#.#####.#...........#
...........###)##.##.#
#.####...## #.##.# #
#...<.# #.##..
##...####.#####
##.......# #.#######
#@# #o# #...# #.....#
#.......# #........>#
+...<.....+
#.........# #.......#


You could see an orc wizard.

Vanquished Creatures
  Sigmund (D:2)
  An adder (D:2)
  2 giant geckos (D:1)
  An ooze (D:2)
  3 orcs (D:3)
  6 bats
  3 giant cockroaches
  8 goblins
  4 hobgoblins
  3 jackals (D:1)
  5 kobolds
  A ball python (D:1)
  A giant newt (D:1)
  A quokka (D:2)
  13 rats
53 creatures vanquished.

Notes
Turn   | Place    | Note
--------------------------------------------------------------
     0 | D:1      | Leibowitz, the Kobold Berserker, began the quest for the Orb.
     0 | D:1      | Reached XP level 1. HP: 14/14 MP: 0/0
   198 | D:1      | Reached XP level 2. HP: 10/19 MP: 1/1
   506 | D:1      | Acquired Trog's second power
   706 | D:1      | Reached XP level 3. HP: 18/24 MP: 2/2
   988 | D:1      | Gained mutation: You are agile. (Dex +2) [potion of beneficial mutation]
  1322 | D:2      | Reached skill level 1 in Stealth
  1390 | D:2      | Found a shattered altar of Ashenzari.
  1766 | D:2      | Noticed Sigmund
  1792 | D:2      | Killed Sigmund
  1792 | D:2      | Reached XP level 4. HP: 10/29 MP: 1/3
  1792 | D:2      | Reached XP level 5. HP: 11/33 MP: 1/4
  2533 | D:3      | Killed from afar by an orc wizard

Action                   |  1- 3 |  4- 6 || total
-------------------------+-------+-------++-------
Melee: Short sword       |   138 |    69 ||   207
Invok: Berserk           |     1 |     1 ||     2
  Use: Potion            |     5 |       ||     5
 Stab: Sleeping          |     2 |     3 ||     5
